[Event "*** Biggest EVER Titled Tuesday"]
[Site "Chess.com"]
[Date "2018.04.17"]
[Round "9"]
[White "Dr-Bassem"]
[Black "Diwi89"]
[Result "1/2-1/2"]
[WhiteElo "2720"]
[BlackElo "2726"]
[TimeControl "180+2"]
[EndTime "15:07:54 PDT"]
[Termination "Game drawn by agreement"]

1. Nf3 g6 2. g3 Bg7 3. Bg2 e5 4. O-O d5 5. c4 d4 6. d3 Ne7 7. b4 O-O 8. Nbd2 a5 9. b5 c5 10.
bxc6 Nexc6 11. Rb1 Na6 12. Qa4 Bd7 13. Qa3 Ncb4 14.
Qb2 Nc5 15. a3 Nba6 16. Ne1 Bc6 17. Qc2 Qd7 18. Bxc6 bxc6 19. Nb3 a4 20. Nxc5 Nxc5 21. Nf3 Rfd8 22. Rb2 h6 23. Bd2 f5 24. Rfb1 e4 25.
Nh4 g5 26. Ng2 Re8 27. Rb6 exd3 28. exd3 Re2 29. Qd1 Rae8 30. h4 Nxd3 31. Rb7 Qe6 32.
hxg5 Nxf2 33. Nf4 Nxd1 34. Nxe6 R2xe6 35. gxh6 Bxh6 36. Rxd1 Be3+ 37. Kg2 Rg6 38. Bxe3 dxe3 39. Kf3 e2 40. Re1 Rge6 41. Kf2 Re3 42. Rc7 R3e6 43. c5 Re3 44. Rxc6 Rxa3 45. Rf6 Re5 46. c6 Rc3 47.
Rxe2 Rxe2+ 48. Kxe2 a3 49. Rxf5 Rxc6 50. Ra5 Rc3 51. Kf2 1/2-1/2

[Event "*** Biggest EVER Titled Tuesday"]
[Site "Chess.com"]
[Date "2018.04.17"]
[Round "9"]
[White "biostatistician"]
[Black "Martins-BR"]
[Result "1/2-1/2"]
[WhiteElo "2435"]
[BlackElo "2229"]
[TimeControl "180+2"]
[EndTime "15:07:54 PDT"]
[Termination "Game drawn by repetition"]

1. d4 f5 2. Bg5 h6 3. Bh4 c5 4. e4 Qb6 5. Nc3 cxd4 6. Nd5 Qd6 7. Bg3 e5 8. Bc4 Nf6 9. Nxf6+ gxf6 10. Qh5+ Kd8 11.
Qxf5 Be7 12. Nf3 Qb4+ 13. Nd2 Qxb2 14. Rb1 Qxc2 15. Bb3 Qc3 16. Qg6 Nc6 17. Bh4 Rf8 18. Qxh6 Nb4 19. O-O Qc7 20. Rbc1 Nc6 21. f4 d6 22.
fxe5 dxe5 23. Bxf6 Rxf6 24. Rxf6 Bxf6 25. Qxf6+ Qe7 26.
Qh8+ Qe8 27. Qg7 Qe7 28. Qg8+ Qe8 29. Qd5+ Bd7 30. Nc4 Qe6 31. Qc5 Qh6 32. Nxe5 Nxe5 33. Qc7+ Ke7 34. Qxe5+ Kd8 35. Qc7+ Ke7 36. Rf1 Rf8 37.
Qc5+ Ke8 38. Rxf8+ Qxf8 39. Qxd4 Qf4 40. Qh8+ Ke7 41. Qg7+ Kd8 42. Qg8+ Kc7 43. Qc4+ Kd8 44. Qe2 Bc6 45. Bd5 Qc1+ 46. Kf2 Bxd5 47. exd5 Qc5+ 48. Qe3 Qxd5 49. Qxa7 Qd2+ 50. Kf3 Qd5+ 51. Kg3 Qg5+ 52. Kf3 Qd5+ 53. Kf2 Qd2+ 54. Kf1 Qd1+ 55. Kf2 Qd2+ 1/2-1/2

[Event "*** Biggest EVER Titled Tuesday"]
[Site "Chess.com"]
[Date "2018.04.17"]
[Round "9"]
[White "Annawel"]
[Black "Zhuu96"]
[Result "0-1"]
[WhiteElo "2858"]
[BlackElo "2753"]
[TimeControl "180+2"]
[EndTime "15:07:57 PDT"]
[Termination "Zhuu96 won by resignation"]

1. Nf3 c5 2. g3 e6 3. Bg2 Nf6 4.
O-O Nc6 5. c4 d5 6. d4 dxc4 7.
Qa4 Bd7 8. dxc5 Bxc5 9. Qxc4 Be7 10. Nc3 O-O 11. Rd1 Rc8 12. Bg5 h6 13. Bxf6 Bxf6 14. Qb3 Na5 15. Qc2 Qc7 16. Rac1 Rfd8 17. Qb1 Qb6 18.
Ne4 Bxb2 19. Rxc8 Rxc8 20. Rxd7 Rc1+ 21. Qxc1 Bxc1 22. Nd6 f6 23. Bh3 f5 24. Ne5 Bb2 25.
Ng6 Bf6 26. Ne8 Nc6 27. Nf4 Nd4 28. Bf1 Kf8 29. Nxf6 gxf6 30. Rxd4 e5 31. Rd8+ Kf7 32. Rd7+ Ke8 33. Nd5 Qc6 34. Nxf6+ Qxf6 35. Rxb7 Qa6 36. Rb2 Qa3 37. Rc2 Qa4 38. Rb2 f4 39. Rd2 Ke7 40. Kg2 Qe4+ 41. f3 Qb1 42. gxf4 exf4 43. a3 Qc1 44.
Rd3 Qc5 45. Rb3 a5 46. Rd3 Kf6 47. Rb3 Kg5 48. Rd3 Kh4 49. Rb3 a4 50. Rd3 h5 51.
h3 Qg5+ 52. Kh2 Qg3+ 53. Kh1 Qf2 54. Rd1 Kg3 0-1

[Event "*** Biggest EVER Titled Tuesday"]
[Site "Chess.com"]
[Date "2018.04.17"]
[Round "9"]
[White "TigranLPetrosyan"]
[Black "LawrenceTrent"]
[Result "0-1"]
[WhiteElo "2640"]
[BlackElo "2541"]
[TimeControl "180+2"]
[EndTime "15:07:59 PDT"]
[Termination "LawrenceTrent won by resignation"]

1. d4 d5 2. Nf3 Nf6 3. Bf4 c5 4.
e3 Nc6 5. c3 e6 6. Bd3 Bd6 7.
O-O O-O 8. a3 Qc7 9. Bg5 Ne4 10.
Bh4 f5 11. Nbd2 c4 12. Bc2 b5 13. Kh1 Bd7 14. Nxe4 fxe4 15. Nd2 Rf5 16. f4 Raf8 17. g4 R5f7 18. Qe2 h6 19. g5 hxg5 20. fxg5 Ne7 21. Rxf7 Rxf7 22. Rf1 Be8 23. Rxf7 Bxf7 24. Nf1 Nf5 25.
Bf2 a5 26. Qg4 g6 27. h4 b4 28. axb4 axb4 29. Qd1 b3 30. Bb1 Qa7 31. Kg2 Qb8 32. Qg4 Kg7 33. Qd1 Qc7 34. Qg4 Qb8 35. Qd1 Qa8 36.
Qc1 Kg8 37. Qd1 Ng7 38. Nh2 Bxh2 39. Kxh2 Nf5 40. Kg2 Kg7 41. Qe1 Qh8 42. Qe2 Kg8 43. Qg4 Ng7 44. Bg3 Qh5 45. Qxh5 gxh5 46. Be5 Nf5 47. Kf2 Nxh4 48. Bg3 Nf5 49. Bf4 Kh7 50. Kg2 Kg6 51. Kh3 Be8 52. Kg2 Bd7 53. Kh2 Ng7 54.
Kg3 Nf5+ 55. Kh2 h4 56. Kg2 Kh5 57. Kf2 Be8 58. Bd3 exd3 0-1

[Event "*** Biggest EVER Titled Tuesday"]
[Site "Chess.com"]
[Date "2018.04.17"]
[Round "9"]
[White "Fins0905"]
[Black "Alex_Molchanov"]
[Result "1/2-1/2"]
[WhiteElo "2532"]
[BlackElo "2552"]
[TimeControl "180+2"]
[EndTime "15:08:03 PDT"]
[Termination "Game drawn by agreement"]

1. d4 Nf6 2. Nf3 e6 3. Bg5 h6 4. Bxf6 Qxf6 5. e4 d6 6. c3 Nd7 7. Nbd2 g5 8. Nc4 Bg7 9. e5 Qe7 10. Bd3 Nb6 11. exd6 cxd6 12. Nxb6 axb6 13. O-O O-O 14.
Re1 Qc7 15. Bc2 f5 16. Bb3 Re8 17. Qd3 Kh8 18. Qd2 Bf6 19. h4 Qg7 20. hxg5 hxg5 21. g3 Bd7 22. Kg2 Kg8 23. Qd3 g4 24. Nh4 Bxh4 25.
gxh4 Qf6 26. Qg3 Kg7 27. Qxd6 Rad8 28. Qe5 Bc6+ 29. Kg3 Bd5 30. Qxf6+ Kxf6 31. Re5 Rd6 32. Rae1 Bxb3 33. axb3 Ra8 34. c4 Ra2 35. d5 exd5 36. Rxd5 Rxd5 37. cxd5 Rxb2 38. Re6+ Kf7 39. Rxb6 Rd2 40.
Rxb7+ Kf6 41. Rb6+ Ke5 42. Re6+ Kxd5 43. Re8 Rd3+ 44.
Kg2 Rxb3 45. h5 Rh3 46. Rh8 Ke6 47. h6 Kf6 48. h7 Kg7 49. Rg8+ Kxh7 50. Rg5 Kh6 51.
Rxf5 Kg6 52. Rb5 Ra3 53. Rc5 Rb3 54. Ra5 Rc3 55. Rb5 Rd3 56. Rc5 Rf3 57. Rd5 Ra3 58. Rc5 Rb3 1/2-1/2

[Event "*** Biggest EVER Titled Tuesday"]
[Site "Chess.com"]
[Date "2018.04.17"]
[Round "9"]
[White "Kriari"]
[Black "maciek_92"]
[Result "0-1"]
[WhiteElo "2728"]
[BlackElo "2600"]
[TimeControl "180+2"]
[EndTime "15:08:14 PDT"]
[Termination "maciek_92 won by resignation"]

1. e4 c5 2. Nf3 Nc6 3. d4 cxd4 4. Nxd4 Nf6 5. Nc3 e5 6. Ndb5 d6 7. Bg5 a6 8. Na3 b5 9. Nd5 Be7 10. Bxf6 Bxf6 11. c3 Bg5 12. Nc2 Ne7 13. h4 Bh6 14. Ncb4 O-O 15. g4 Bf4 16. g5 a5 17. Nxe7+ Qxe7 18. Nd5 Qb7 19. Bh3 Be6 20. Qf3 Bxd5 21. exd5 b4 22. c4 a4 23. Bf5 b3 24. a3 Qc7 25. Bd3 f5 26. gxf6 Rxf6 27. Qe4 Rh6 28. Ke2 Qa5 29. Rad1 Rf8 30. h5 Qc5 31. Rdf1 Bg5 32.
Qg4 Bf4 33. Rhg1 Rf7 34. Qh3 Rhf6 35. Rg2 Qd4 36. Rd1 Qxb2+ 37. Kf1 Bh6 38. Kg1 Rf8 39. c5 Rxf2 40. c6 Rxg2+ 41. Qxg2 Qd4+ 42. Kh1 Rf2 43. c7 Qh4+ 44. Kg1 Rxg2+ 45. Kxg2 Qg4+ 46. Kf2 Bf4 47. Ba6 Qg3+ 48. Ke2 Qe3+ 49. Kf1 Qf3+ 50. Ke1 Bg3+ 51. Kd2 Qxd5+ 52. Kc1 Qc5+ 53. Kd2 Qxc7 0-1

[Event "*** Biggest EVER Titled Tuesday"]
[Site "Chess.com"]
[Date "2018.04.17"]
[Round "9"]
[White "pulvettd"]
[Black "Sebastian"]
[Result "0-1"]
[WhiteElo "2536"]
[BlackElo "2770"]
[TimeControl "180+2"]
[EndTime "15:08:18 PDT"]
[Termination "Sebastian won on time"]

1. d4 Nf6 2. c4 g6 3. Nc3 Bg7 4.
e4 d6 5. Nf3 O-O 6. Be2 e5 7.
Be3 exd4 8. Nxd4 Re8 9. f3 c6 10. Bf2 d5 11. exd5 cxd5 12. O-O Nc6 13. c5 a6 14. Qd2 Qa5 15. Rad1 Qxc5 16. Nf5 d4 17.
Nxd4 Nxd4 18. Bxd4 Qa5 19. Kh1 Bf5 20. Bc4 Be6 21.
Bxe6 Rxe6 22. Rfe1 Rxe1+ 23. Qxe1 Re8 24. Qf2 h5 25. a3 Qf5 26. Re1 Rd8 27. Bb6 Rc8 28.
Bd4 Rd8 29. Bb6 Rd3 30. Re3 Nd5 31. g4 hxg4 32. Re8+ Kh7 33. Ne4 Rd1+ 34. Kg2 Nf4+ 35. Kg3 Nh5+ 36. Kg2 Nf4+ 37. Kg3 Rd3 38. Be3 Nh5+ 39.
Kg2 gxf3+ 40. Qxf3 Qxf3+ 41. Kxf3 Bh6 42. Nc5 Rd5 43.
Bxh6 Rxc5 44. Be3 Rf5+ 45. Ke2 Rb5 46. Bd4 g5 47. Re7 Kg6 48. Bc3 Nf4+ 49. Kf3 Nd5 50.
Rd7 Nxc3 51. bxc3 Rb3 52. Kg4 f5+ 0-1

[Event "*** Biggest EVER Titled Tuesday"]
[Site "Chess.com"]
[Date "2018.04.17"]
[Round "9"]
[White "underdogchss"]
[Black "sergeikim"]
[Result "0-1"]
[WhiteElo "2369"]
[BlackElo "2448"]
[TimeControl "180+2"]
[EndTime "15:08:20 PDT"]
[Termination "sergeikim won by resignation"]

1. d4 Nf6 2. Nf3 g6 3. c4 Bg7 4. e3 O-O 5. Nc3 d6 6. Be2 Nbd7 7. d5 e5 8. dxe6 fxe6 9. O-O e5 10. b3 Nc5 11. Bb2 a5 12. Rc1 Bd7 13. Nd5 Bc6 14.
Ba3 b6 15. Ng5 Nxd5 16. cxd5 Bd7 17. Ne6 Nxe6 18. dxe6 Bxe6 19. Bf3 Rc8 20. Bb7 Rb8 21. Bc6 Kh8 22. Qc2 Qg5 23. Rfd1 Rf7 24. Bd5 Bxd5 25. Rxd5 Rbf8 26. Rd2 Qh4 27. Rf1 Qg4 28. Qc6 h5 29. f3 Qg5 30. Qe4 Kh7 31. Rd3 Qf5 32. Qxf5 gxf5 33. e4 fxe4 34. Re3 exf3 35. gxf3 Bh6 36.
Rd3 e4 37. Rd5 Rxf3 38. Rxf3 exf3 39. Rxh5 Kg6 40. Rh3 Be3+ 41. Kf1 Kg5 42. Rg3+ Kf4 43. Bb2 d5 44. Bg7 Rf7 45. Bh6+ Ke4 46. Rg4+ Kd3 47. Bg7 d4 48. h4 c5 49. h5 Rf5 50. Rh4 Rg5 51. Rh1 Rxg7 52. b4 axb4 53. a3 bxa3 54. h6 Rh7 55. Rh2 Rxh6 56. Rxh6 Bxh6 57. Kf2 0-1

[Event "*** Biggest EVER Titled Tuesday"]
[Site "Chess.com"]
[Date "2018.04.17"]
[Round "9"]
[White "nailbeshirli"]
[Black "jlandaw"]
[Result "1-0"]
[WhiteElo "2347"]
[BlackElo "2465"]
[TimeControl "180+2"]
[EndTime "15:08:23 PDT"]
[Termination "nailbeshirli won by resignation"]

1. e4 e5 2. Nf3 Nc6 3. Bb5 a6 4. Ba4 Nf6 5. O-O Be7 6. Re1 b5 7. Bb3 d6 8. a4 Bg4 9. h3 Bxf3 10. Qxf3 Nd4 11. Qg3 O-O 12. Nc3 Nxb3 13. cxb3 b4 14.
Nd1 Qd7 15. d3 Qe6 16. Ne3 Rfe8 17. Nc4 Nd7 18. Be3 f5 19. exf5 Qxf5 20. Rad1 Bf6 21. f3 d5 22. Nd2 Qxd3 23. Ne4 Qxb3 24. Bh6 Re7 25. Nxf6+ Nxf6 26. Bg5 Rf8 27. Rd2 e4 28. Qh4 Qc4 29. Rde2 Re6 30. f4 h6 31. Bxh6 gxh6 32.
Re3 Qd4 33. Kh1 Kf7 34. f5 Rg8 35. fxe6+ Kxe6 36. R3e2 Qe5 37. g4 c5 38. Rf1 Rg6 39.
Rf5 Qd4 40. Ref2 Nd7 41. Qd8 Kd6 42. Rf7 Qd1+ 43. Kh2 Qxa4 44. b3 Qb5 45. Qe7+ Kc7 46. Rf8 Rd6 47. R2f7 Qe2+ 48. Rf2 Qb5 49. Qd8+ Kc6 50.
Qa8+ Kb6 51. Kg3 e3 52. R2f7 e2 53. Rb8+ Ka5 54. Rxb5+ Kxb5 55. Re7 Nb6 56. Qe8+ Ka5 57. Rxe2 c4 58. Ra2+ Na4 59. Rxa4+ 1-0

[Event "*** Biggest EVER Titled Tuesday"]
[Site "Chess.com"]
[Date "2018.04.17"]
[Round "9"]
[White "ArnaudovP"]
[Black "Rokis13"]
[Result "1/2-1/2"]
[WhiteElo "2476"]
[BlackElo "2432"]
[TimeControl "180+2"]
[EndTime "15:08:26 PDT"]
[Termination "Game drawn by agreement"]

1. d4 Nf6 2. c4 e6 3. Nf3 Bb4+ 4. Bd2 Qe7 5. e3 O-O 6. Bd3 c5 7. O-O Na6 8. Nc3 Bxc3 9. Bxc3 d6 10. a3 b6 11. b4 Bb7 12. Nd2 d5 13. dxc5 bxc5 14. cxd5 cxb4 15. axb4 Nxd5 16. Bd4 Naxb4 17. Be4 a5 18. Nb3 Nc3 19. Bxh7+ Kxh7 20. Bxc3 Rfc8 21. Qd4 Qg5 22. f3 Rd8 23. Qe5 Qxe5 24. Bxe5 a4 25.
Nc5 Bc6 26. e4 a3 27. Bc3 Nd3 28. Nb3 Nf4 29. Be5 Ne2+ 30. Kf2 Rd3 31. Nc5 Rd2 32. Ke3 Rc2 33. Nd3 Bb5 34. Nb4 Rc4 35. Nd3 Rc2 36.
Rfe1 a2 37. Rxe2 Rxe2+ 38. Kxe2 Ra3 39. Kf2 Bxd3 40. Bd6 Ra6 41. e5 Bb1 42. Ke3 Kg6 43.
g4 Rc6 44. h4 Rc3+ 45. Kf4 Rc4+ 46. Ke3 f5 47. h5+ Kf7 48. gxf5 exf5 49. f4 Rc3+ 50.
Kd4 Rd3+ 51. Kc5 Ke6 52. Bf8 Rg3 53. Kd4 Rg4 54. Kc5 Kf7 55. Bd6 Rxf4 56. e6+ Kxe6 57. Bxf4 Kf6 58. Kd4 g5 59. hxg6 Kxg6 60. Ke3 Kh5 61.
Kf2 Kg4 62. Be5 Kg5 63. Bb2 Kf4 64. Bc3 Ke4 65. Bb2 Kd3 66. Bg7 Ke4 67. Kg3 Kd3 68. Kf4 Kd2 69. Be5 Ke2 70. Bf6 Kd3 71. Bg7 Kd2 72. Kg3 Ke2 73. Kf4 Kd2 74. Rxa2+ Bxa2 75. Kxf5 Be6+ 76. Kf6 1/2-1/2

[Event "*** Biggest EVER Titled Tuesday"]
[Site "Chess.com"]
[Date "2018.04.17"]
[Round "9"]
[White "gkchesstiger"]
[Black "shyam"]
[Result "1-0"]
[WhiteElo "2774"]
[BlackElo "2582"]
[TimeControl "180+2"]
[EndTime "15:08:27 PDT"]
[Termination "gkchesstiger won on time"]

1. e4 c5 2. Nf3 e6 3. c3 Nf6 4. e5 Nd5 5. g3 d6 6. Bg2 Nc6 7. exd6 Bxd6 8. O-O O-O 9. d4 cxd4 10. Nxd4 Nxd4 11.
Qxd4 Qc7 12. Nd2 Bd7 13. Ne4 Be5 14. Qd3 Rfd8 15. Qe2 h6 16. Re1 Nf6 17. Nc5 Qxc5 18.
Qxe5 Qxe5 19. Rxe5 Bc6 20. Re1 Bxg2 21. Kxg2 Nd5 22. h4 Rac8 23. a4 h5 24. Kf3 Rc4 25.
Rd1 Rdc8 26. Bd2 Rg4 27. Be1 Rc6 28. Rd3 Nf6 29. b3 e5 30. Rd8+ Kh7 31. c4 Rb6 32. Ra3 e4+ 33. Ke2 Re6 34. Bd2 Rg6 35. Be3 a6 36. b4 Rc6 37. c5 Ng4 38. b5 Rc7 39. Bd4 Re6 40. Rc3 Nh2 41. b6 Rcc6 42. Rd7 Nf3 43. Be3 Ne5 44. Rxb7 Nd3 45. Rxf7 Kg6 46. b7 Re8 47. Rd7 Rb8 48. Bd4 Kf5 49. Rxg7 a5 50. Ke3 Nb4 51. Rb3 Nd5+ 52. Ke2 e3 53. fxe3 Ke4 54.
Rg5 1-0

[Event "*** Biggest EVER Titled Tuesday"]
[Site "Chess.com"]
[Date "2018.04.17"]
[Round "9"]
[White "DiogenesSinopeus"]
[Black "Blackmind96"]
[Result "1-0"]
[WhiteElo "2437"]
[BlackElo "2504"]
[TimeControl "180+2"]
[EndTime "15:08:38 PDT"]
[Termination "DiogenesSinopeus won on time"]

1. d4 e6 2. e4 d5 3. exd5 exd5 4. Nf3 Nf6 5. Bd3 Bd6 6. Qe2+ Be7 7. O-O O-O 8. Bg5 Bg4 9. Re1 Bd6 10. h3 Bxf3 11.
Qxf3 Nbd7 12. Nc3 c6 13. Ne2 Re8 14. Ng3 Qb6 15. Nf5 Bf8 16. b3 g6 17. Qg3 Qb4 18.
Rxe8 Rxe8 19. Qh4 Re1+ 20. Rxe1 Qxe1+ 21. Kh2 gxf5 22. Bxf6 Bd6+ 23. Be5 Nxe5 24. Qd8+ Kg7 25. Qxd6 Ng6 26. Bxf5 Qxf2 27. Bxg6 hxg6 28. Qe5+ Kg8 29. Qe8+ Kh7 30. Qe7 Kg7 31. Qe5+ Kf8 32. Qb8+ Kg7 33. Qe5+ Kh7 34. Qe7 Qf5 35. c3 Qf4+ 36. Kh1 Qc1+ 37. Kh2 Qf4+ 38. Kh1 Kg8 39. Qe8+ Kh7 40. Qe7 g5 41.
Qxb7 Qc1+ 42. Kh2 Qf4+ 43. Kh1 Kg7 44. Qe7 Qc1+ 45. Kh2 Qxc3 46. Qxg5+ Kf8 47. Qd8+ Kg7 48. Qg5+ Kf8 49. Qe5 Qc1 50. h4 Kg8 51. h5 Kh7 52.
g4 1-0

[Event "*** Biggest EVER Titled Tuesday"]
[Site "Chess.com"]
[Date "2018.04.17"]
[Round "9"]
[White "Marcus_Harvey"]
[Black "SloLev"]
[Result "0-1"]
[WhiteElo "2597"]
[BlackElo "2403"]
[TimeControl "180+2"]
[EndTime "15:08:46 PDT"]
[Termination "SloLev won by checkmate"]

1. Nf3 d5 2. c4 e6 3. b3 Nf6 4. Bb2 Nbd7 5. e3 c6 6. Be2 Bd6 7. O-O O-O 8. d4 b6 9. Nc3 Bb7 10. a4 a5 11. Qc1 Qe7 12. Ba3 Bb4 13.
Bxb4 axb4 14. Nd1 c5 15. Nb2 Ne4 16. Bd3 Nc3 17. Nd1 dxc4 18. Bxc4 Bxf3 19. gxf3 cxd4 20.
exd4 Nxd1 21. Rxd1 Nf6 22. Qg5 h6 23. Qe5 Rfd8 24.
Rac1 Ra5 25. Bb5 Ra7 26. Rc6 Nd5 27. Rdc1 Nc3 28. Rxb6 Rd5 29. Rb8+ Kh7 30. Bd3+ f5 31. Qe3 Rad7 32. Re1 R7d6 33. f4 Qf6 34. Rxb4 Rxd4 35. Rxd4 Rxd4 36. Bxf5+ Qxf5 37. Qxc3 Rxf4 38. Re5 Rg4+ 39.
Kf1 Qb1+ 40. Re1 Qf5 41. Re3 Rf4 42. Qd3 Rxf2+ 43. Kg1 Qxd3 44. Rxd3 Ra2 45. Rd7 Kg6 46. Rb7 e5 47. Kf1 e4 48. Ke1 Kf5 49. Rxg7 Kf4 50. Rg3 e3 51. Rg6 Kf3 52. Rf6+ Ke4 53. Rxh6 Ra3 54. Re6+ Kd3 55. Rd6+ Ke4 56. Rd1 Rxb3 57. Ra1 Rb2 58. Kf1 Rxh2 59. Kg1 Rh8 60. a5 Kf3 61.
Rf1+ Ke2 62. Ra1 Rg8+ 63. Kh2 Kf2 64. a6 Rh8# 0-1

[Event "*** Biggest EVER Titled Tuesday"]
[Site "Chess.com"]
[Date "2018.04.17"]
[Round "9"]
[White "ShimanovAlex"]
[Black "KenanGarayev"]
[Result "0-1"]
[WhiteElo "2722"]
[BlackElo "2585"]
[TimeControl "180+2"]
[EndTime "15:08:47 PDT"]
[Termination "KenanGarayev won on time"]

1. d4 Nf6 2. Nf3 g6 3. Bg5 Bg7 4. Nbd2 O-O 5. c3 d6 6. e4 c5 7. dxc5 dxc5 8. Be2 Nc6 9. O-O Qc7 10. h3 Rd8 11.
Qc2 b6 12. a4 Bb7 13. Rfe1 h6 14. Be3 Rac8 15. Bf1 Ne5 16. Nxe5 Qxe5 17. f3 Nh5 18. a5 Qg3 19. Bf2 Qf4 20. Nc4 b5 21. Ne3 a6 22. Ng4 Qc7 23. Be3 Nf4 24. Red1 h5 25. Nf2 Bf6 26. Nd3 Nxd3 27. Bxd3 Be5 28. Qf2 Rd7 29. Bc2 Bg3 30. Qe2 Rcd8 31. Rxd7 Rxd7 32.
Rd1 Rxd1+ 33. Qxd1 Bd6 34. Qa1 Bc8 35. Bb3 Bf4 36.
Bxf4 Qxf4 37. Qe1 c4 38. Bc2 Qc7 39. Qa1 Kg7 40. Kf1 Qg3 41. Qd1 e5 42. Qe1 Qh2 43. Qf2 Qf4 44. Qe2 g5 45. Ke1 Kg6 46. Bd1 Be6 47. Qd2 Qh2 48. Qf2 h4 49. Be2 Kh6 50. Bf1 Qg3 51. Ke2 Qf4 52. Kd1 Kg7 53. Qb6 g4 54. hxg4 Bxg4 55. Qf2 Qxe4 56. Kc1 Qf4+ 57. Kb1 Bf5+ 58. Ka2 Qc1 59. Ka3 Qd1 60. Kb4 Qd6+ 61.
Qc5 Qxc5+ 62. Kxc5 Bd3 63. Kb6 Bxf1 64. Kxa6 Bxg2 0-1

[Event "*** Biggest EVER Titled Tuesday"]
[Site "Chess.com"]
[Date "2018.04.17"]
[Round "9"]
[White "Abund"]
[Black "SenseiJulio"]
[Result "0-1"]
[WhiteElo "2486"]
[BlackElo "2632"]
[TimeControl "180+2"]
[EndTime "15:09:03 PDT"]
[Termination "SenseiJulio won by resignation"]

1. Nf3 Nf6 2. c4 e6 3. Nc3 d5 4. d4 c6 5. e3 Nbd7 6. Qc2 Bd6 7. b3 O-O 8. Bd3 e5 9. cxd5 cxd5 10. Nb5 Bb4+ 11.
Bd2 Bxd2+ 12. Nxd2 e4 13. Be2 a6 14. Nc3 Nb8 15. Na4 Nc6 16. O-O Bg4 17. Nb1 Qd6 18. h3 Nb4 19. Qd2 Bxe2 20. Qxe2 Rac8 21. Nd2 Nd3 22.
Rfb1 Qa3 23. Nf1 Rc6 24. Nc5 Nxc5 25. dxc5 Rxc5 26. Rd1 Rfc8 27. Rd2 Rc1 28. Rxc1 Qxc1 29. Rd1 Qc2 30. Rd2 Qb1 31. Rd1 Rc1 32. Rxc1 Qxc1 33.
g4 h6 34. Kg2 Nd7 35. Qd2 Qxd2 36. Nxd2 Ne5 37. Nb1 Nc6 38. Nc3 Ne7 39. f3 exf3+ 40. Kxf3 Kf8 41. Ke2 Ke8 42. Kd3 Kd7 43. b4 Kd6 44. e4 Ke5 45. a3 dxe4+ 46. Nxe4 b6 47. Ng3 g6 48. Ke3 Nd5+ 49. Kf3 Nc3 50. h4 Nb1 51. a4 a5 52. bxa5 bxa5 53. Ne4 f5 54. gxf5 gxf5 55. Nc5 Nd2+ 56. Ke2 Nc4 57. Kd3 Kd5 58.
Nb3 f4 59. Ke2 Ke4 60. Nc5+ Kd4 61. Nb7 Kd5 62. Kf3 Ke5 63. Nc5 Kf5 64. Nd3 Ne5+ 65. Ke2 Nxd3 66. Kxd3 Kg4 67. Ke4 f3 68. Ke3 Kg3 69.
h5 f2 70. Ke2 Kg2 71. Kd2 f1=Q 0-1

[Event "*** Biggest EVER Titled Tuesday"]
[Site "Chess.com"]
[Date "2018.04.17"]
[Round "9"]
[White "hilary444"]
[Black "Jospem"]
[Result "0-1"]
[WhiteElo "2527"]
[BlackElo "2692"]
[TimeControl "180+2"]
[EndTime "15:09:08 PDT"]
[Termination "Jospem won by resignation"]

1. e4 e5 2. Nf3 Nc6 3. Bb5 a6 4. Ba4 Nf6 5. O-O Be7 6. Re1 b5 7. Bb3 d6 8. c3 O-O 9. h3 Nb8 10. d4 Nbd7 11. Nbd2 Bb7 12. Bc2 Re8 13. a4 c5 14. d5 c4 15. Nf1 Nc5 16. Ng3 g6 17. Be3 Qc7 18. Qe2 Rab8 19. axb5 axb5 20. Nh2 h5 21. Nf3 Ra8 22. Ng5 Rxa1 23. Rxa1 Bc8 24.
Qd2 Nfd7 25. Qd1 Qd8 26. Nf3 Qc7 27. Ng5 Nf6 28. Ra3 Bb7 29. Qa1 Nfd7 30. Qd1 Nf6 31. Qf3 Ncd7 32. Ra7 Ra8 33. Rxa8+ Bxa8 34. Qd1 Bb7 35.
Qa1 Nc5 36. Qa7 Nfd7 37. Nf3 Qc8 38. Nf1 Bd8 39. Qa1 Na6 40. Ng3 Ndc5 41. Qd1 Be7 42. Ng5 Qd8 43. h4 f6 44. Nf3 Bc8 45. Nd2 Bd7 46.
b4 cxb3 47. Nxb3 Na4 48. Qd3 Qc8 49. Ne2 f5 50. Bg5 Bxg5 51. hxg5 f4 52. g3 fxg3 53.
Qxg3 b4 54. f4 Nxc3 55. Nxc3 Qxc3 56. Qxc3 bxc3 57. fxe5 dxe5 58. Kf2 Nb4 59. Na1 Kf8 60. Bd1 Ke7 61. Nc2 Nxc2 62. Bxc2 Kd6 63. Bd1 h4 64. Bc2 Kc5 65. Ke3 h3 66. Bd1 c2 67. Bxc2 h2 0-1

[Event "*** Biggest EVER Titled Tuesday"]
[Site "Chess.com"]
[Date "2018.04.17"]
[Round "9"]
[White "wadsy27"]
[Black "Blitzking4444"]
[Result "0-1"]
[WhiteElo "2144"]
[BlackElo "2007"]
[TimeControl "180+2"]
[EndTime "15:09:10 PDT"]
[Termination "Blitzking4444 won by resignation"]

1. g3 e5 2. c4 Nf6 3. Bg2 d5 4.
cxd5 Nxd5 5. Nc3 Nb6 6. Nf3 Be7 7. O-O Nc6 8. a3 O-O 9. b4 a5 10. b5 Nd4 11. Nxe5 Be6 12. Rb1 a4 13. Bb2 Bb3 14. Qe1 Nc2 15. Qc1 Bd6 16. Nf3 Nc4 17. d3 Nxb2 18. Rxb2 Bxa3 19. Nd2 Nd4 20. e3 Ne6 21. Nxb3 axb3 22. d4 Qe7 23. Nd5 Qd6 24. Qc3 Bxb2 25. Qxb2 c6 26. Nb6 Qa3 27. Qxa3 Rxa3 28. Rb1 cxb5 29.
Bd5 Ra6 30. Nd7 Rd8 31. Bxe6 fxe6 32. Nc5 Ra3 33. Nxb7 Rda8 34. Kg2 b4 35. Nc5 Kf7 36. Kf3 Ke7 37. Ke4 Ra2 38. Rxb3 Rb8 39. Nd3 Kd6 40. h4 Rc2 41. f3 Rg2 42. g4 g6 43. Rxb4 Rxb4 44.
Nxb4 Rh2 45. Nd3 Rxh4 46. Ne5 Rh1 47. Kf4 Rh2 48. Kg5 Rh3 49. Kf6 Kd5 50. Kg7 h5 51.
Kxg6 h4 52. Kg5 Rh1 53. Kf4 Rg1 54. Nd3 Rg2 55. Ne1 Re2 56. Nd3 h3 57. Kg3 h2 58.
Nf4+ Kc4 59. Nxe2 h1=Q 60. Nf4 Qg1+ 61. Ng2 Kd3 62. g5 Ke2 63. Kf4 Qxg2 64. Ke5 Qxf3 65. Kxe6 Qxe3+ 66. Kf5 Qxd4 67. g6 Qg7 0-1

[Event "*** Biggest EVER Titled Tuesday"]
[Site "Chess.com"]
[Date "2018.04.17"]
[Round "9"]
[White "toad"]
[Black "BIG_Pirate"]
[Result "1-0"]
[WhiteElo "2210"]
[BlackElo "2269"]
[TimeControl "180+2"]
[EndTime "15:09:11 PDT"]
[Termination "toad won by resignation"]

1. d4 d5 2. c4 c6 3. Nf3 Nf6 4. e3 e6 5. b3 Nbd7 6. Bd3 Bb4+ 7. Nbd2 c5 8. O-O O-O 9. Bb2 cxd4 10. Nxd4 Re8 11. Rc1 Qa5 12. Rc2 Ne5 13. N2f3 Nxd3 14. Qxd3 dxc4 15. Rxc4 Bd7 16. Bc3 Bxc3 17. Qxc3 Qxc3 18.
Rxc3 e5 19. Ne2 Bc6 20. Rd1 Ne4 21. Rcc1 f6 22. Ng3 Nxg3 23. hxg3 Rad8 24. Kf1 Kf7 25.
Ke1 Ke7 26. g4 Rxd1+ 27. Rxd1 Bd7 28. Nh2 Rc8 29. Kd2 Kd6 30. f3 Be8 31. Nf1 Bg6 32.
e4 Be8 33. Ne3 g6 34. Nc4+ Ke7 35. Ke3 Bf7 36. Na5 b6 37. Nc4 Bxc4 38. bxc4 Rxc4 39. Rh1 Ra4 40. Rxh7+ Ke6 41. g5 fxg5 42. Rg7 Kf6 43. Rc7 Ra3+ 44. Kf2 g4 45. Kg3 gxf3 46. gxf3 Rxa2 47.
Kg4 Rg2+ 48. Kh3 Ra2 49. Kg4 Ra1 50. Rc6+ Kg7 51. Rc7+ Kh6 52. Re7 b5 53. Rxe5 b4 54. f4 a5 55. Rb5 Ra3 56. Rb6 Kg7 57. Kg5 Rg3+ 58. Kh4 Rg1 59. Rb5 Ra1 60. Kg5 Ra3 61. Rb7+ Kf8 62. Kxg6 b3 63. e5 a4 64. e6 Ra1 65. f5 Re1 66. Kf6 Kg8 67. Rb8+ Kh7 68. e7 Rxe7 69. Kxe7 Kh6 70. f6 1-0

[Event "*** Biggest EVER Titled Tuesday"]
[Site "Chess.com"]
[Date "2018.04.17"]
[Round "9"]
[White "OparinGrigoriy"]
[Black "Zaven_ChessMood"]
[Result "1/2-1/2"]
[WhiteElo "2865"]
[BlackElo "2864"]
[TimeControl "180+2"]
[EndTime "15:09:19 PDT"]
[Termination "Game drawn by agreement"]

1. e4 g6 2. d4 Bg7 3. Nf3 d6 4.
Bd3 Nf6 5. O-O Nc6 6. c3 e5 7.
h3 O-O 8. Re1 Re8 9. Bg5 h6 10.
Bh4 g5 11. Bg3 Nh5 12. Bh2 g4 13. hxg4 Bxg4 14. Be2 Nf4 15. Bxf4 exf4 16. Nbd2 Qf6 17. Nh2 Bd7 18. Bg4 Bxg4 19. Qxg4 Ne7 20. Nhf3 Ng6 21. Re2 c5 22. Rae1 cxd4 23. Nxd4 Ne5 24. Qh3 Qg6 25. Nf5 Rad8 26. Nf3 h5 27. Rd1 Qg4 28. Qxg4 hxg4 29. Nxe5 dxe5 30. Red2 Rxd2 31. Rxd2 Bf8 32. Rd7 b5 33. g3 Rc8 34. Rd5 b4 35. Rxe5 bxc3 36. bxc3 fxg3 37. Nxg3 Rxc3 38. Rg5+ Kh7 39. Rxg4 Ra3 40.
Nh5 Rxa2 41. Nf6+ Kh6 42. e5 Be7 43. Ng8+ Kh5 44. Rf4 Bc5 45. Rxf7 Kg6 46. e6 a5 47. Rf6+ Kg7 48. Rf5 Bb4 49. Nf6 Kg6 50. Rf3 Re2 51.
Nd5 Bd6 52. Rf6+ Kg5 53. Kf1 Re4 54. e7 Bxe7 55. Ra6 Bd8 56. Ra8 Re8 57. Nc7 Re7 58. Rxd8 Rxc7 59. Rd5+ Kf4 60. Rxa5 Rc4 61. Ra3 Rb4 62.
Kg2 Kf5 63. Rh3 Kg5 64. Rg3+ Kf5 65. Rg8 Kf6 66. Kg3 Ra4 67. Rg4 Ra3+ 68. f3 Rb3 69. Rf4+ Kg5 70. Re4 Kf5 1/2-1/2